 Dungeon Crawl Stone Soup version 0.31-a0-263-ge8cad7f256 (webtiles) character file.

Game seed: 12506299689679673672

128 qw the Shooter (level 5, 0/30 HPs)
             Began as a Gargoyle Hexslinger on July 13, 2023.
             Slain by a goblin
             ... wielding a +0 club
             ... led by Robin
              (3 damage)
             ... on level 3 of the Dungeon.
             The game lasted 00:00:32 (1314 turns).

qw the Shooter (Gargoyle Hexslinger)                Turns: 1314, Time: 00:00:33

Health: 0/30       AC:  9    Str: 12    XL:     5   Next: 12%
Magic:  6/6        EV: 10    Int: 13    God:
Gold:   76         SH:  5    Dex: 14    Spells: 5/6 levels left

rFire   . . .        Y - +1 sling
rCold   . . .        (no shield)
rNeg    + . .        d - +0 ring mail
rPois   inf          (no helmet)
rElec   +            (no cloak)
rCorr   .            (no gloves)
SInv    .            (no boots)
Will    .....        j - amulet of reflection
Stlth   +            (no ring)
HPRegen 0.25/turn    (no ring)
MPRegen 0.10/turn

%: reflection, clarity
@: no status effects
A: sickness immunity, AC +4, negative energy resistance 1, electricity
resistance, torment resistance 1, petrification resistance, clarity
a: no special abilities


You were on level 3 of the Dungeon.
You visited 1 branch of the dungeon, and saw 3 of its levels.

You collected 76 gold pieces.


Innate Abilities, Weirdness & Mutations

You are immune to sickness and miasma.
Your stone body is resilient. (AC +4)
You are immune to poison.
You resist negative energy. (rN+)
You are resistant to electric shocks. (rElec)
You are resistant to unholy torment.
You are immune to petrification.
You possess an exceptional clarity of mind.


   Skills:
 - Level 2.0 Fighting
 - Level 4.7 Ranged Weapons
 + Level 0.6 Armour
 - Level 1.5 Dodging
 - Level 1.0 Spellcasting
 - Level 2.6 Hexes


You had 5 spell levels left.
You knew the following spells:

 Your Spells              Type           Power      Damage    Failure   Level
a - Slow                  Hex            28%        N/A       22%         1

Your spell library contained the following spells:

 Spells                   Type           Power      Damage    Failure   Level
 Inner Flame              Hex/Fire       4%         N/A       73%         3
 Portal Projectile        Hex/Tloc       8%         N/A       73%         3
 Cause Fear               Hex            3%         N/A       91%         4

Inventory:

Hand Weapons
 Y - a +1 sling (weapon)
Armour
 d - a +0 ring mail (worn)
Jewellery
 b - a +6 ring of dexterity
 j - an amulet of reflection (around neck)
Scrolls
 e - 2 scrolls of identify {unknown}
 f - a scroll of enchant armour {unknown}
 l - a scroll of enchant weapon {unknown}
Potions
 a - a potion of ambrosia {unknown}
 c - a potion of lignification {unknown}
 g - a potion of curing
 h - a potion of mutation
 i - a potion of resistance {unknown}
 k - a potion of cancellation {unknown}

Dungeon Overview and Level Annotations

Branches:
Dungeon (2/15)

Altars:
Cheibriados

Annotations:
D:3 Natasha, Robin


Message History

You kill the goblin!
You block the goblin's attack. You block Robin's attack.
You block the goblin's attack. The goblin hits you but does no damage.
The goblin hits you with a +0 dagger. Robin throws the goblin at you!
The goblin barely misses you.
You shoot a sling bullet.
The sling bullet barely misses the goblin.
A bat comes into view.
The goblin hits you but does no damage. The goblin hits you with a +0 dagger.
The goblin barely misses you. Robin closely misses you.
The goblin hits you but does no damage.
You shoot a sling bullet. The sling bullet hits the goblin.
The goblin is severely wounded.
The goblin closely misses you.
Natasha howls an incantation.
Natasha's front paws start to glow.
Robin throws the goblin at you! The goblin hits you with a +0 dagger.
You block the goblin's attack. x2
You shoot a sling bullet.
The sling bullet hits the goblin but does no damage.
The goblin is severely wounded.
The goblin hits you but does no damage. The goblin hits you with a +0 dagger.
The goblin hits you with a +0 club.
Robin hits you from afar with a +2 spear of freezing.
Robin freezes you. The goblin hits you but does no damage.
The goblin closely misses you.
You shoot a sling bullet. The sling bullet hits the goblin.
You kill the goblin!
The goblin no longer looks unusually strong. x3
The goblin hits you but does no damage. Robin throws the goblin at you!
You block the goblin's attack. The goblin hits you with a +0 dagger.
The goblin hits you but does no damage. The goblin hits you with a +0 club. x2
The goblin hits you but does no damage. The goblin closely misses you.
The goblin hits you with a +0 club. The goblin hits you but does no damage.
Robin roars a battlecry!
The goblins go into a battle-frenzy!
You shoot a sling bullet.
The sling bullet closely misses the goblin.
The goblin hits you with a +0 club.
You die...

#... .... #..#
######.####.# #..#
####...........####..######
.............%........>...#
####.####......>####.####.#
# #.# #######.# #.# # #.#
#.####.# ####.# #g#g...#
..##.## #g@g#### #.....#
#g###
........##....gb....g..
#######..#.....h.g.....
...# #.#..)..%...gg.. ##.#
.#......[g...g.
#(.......g....
...............
...>....######.


You could see Robin, Natasha, 5 goblins and a bat.

Vanquished Creatures
  A scorpion (D:3)
  Jessica (D:2)
  A dart slug (D:1)
  6 ball pythons
  An endoplasm (D:1)
  A giant cockroach (D:1)
  3 hobgoblins (D:2)
  7 kobolds
  3 quokkas
  3 bats
  2 frilled lizards
  7 goblins
  3 rats (D:1)
39 creatures vanquished.

Notes
Turn   | Place    | Note
-------+----------+-------------------------------------------
     0 | D:1      | qw the Gargoyle Hexslinger began the quest for the Orb.
     0 | D:1      | Reached XP level 1. HP: 12/12 MP: 2/2
     0 | D:1      | 0 ||| qw: Version: 0.3-a-52-g30416fa
     0 | D:1      | 0 ||| qw: Game counter: 7512
     0 | D:1      | 0 ||| qw: Melee chars always use a shield: true
     0 | D:1      | 0 ||| qw: God list: Okawaru
     0 | D:1      | 0 ||| qw: Allow faded altars: false
     0 | D:1      | 0 ||| qw: Do Orc after clearing Dungeon:15 true
     0 | D:1      | 0 ||| qw: Do second Lair branch before Depths: true
     0 | D:1      | 0 ||| qw: Lair rune preference: random
     0 | D:1      | 0 ||| qw: Goals: Normal
     0 | D:1      | 0 ||| PLANNING D:1-11
   126 | D:1      | Reached XP level 2. HP: 9/16 MP: 3/3
   126 | D:1      | HP: 4/16 [frozen (3)]
   279 | D:1      | Reached skill level 3 in Ranged Weapons
   491 | D:1      | Found a faded altar of an unknown god.
   871 | D:1      | 871 ||| UPGRADING to +0 ring mail.
   881 | D:1      | 881 ||| DROPPING +0 robe.
   882 | D:1      | 882 ||| UPGRADING to amulet of reflection.
   887 | D:1      | 887 ||| READING scroll labelled QEAL FETYU.
   888 | D:1      | 888 ||| READING scroll labelled LAUSO HUSOULAF.
   889 | D:1      | 889 ||| DRINKING 2 golden potions.
   890 | D:1      | 890 ||| DRINKING 2 metallic inky potions.
   890 | D:1      | Gained mutation: You possess an exceptional clarity of
                  | mind. [potion of mutation]
   891 | D:1      | 891 ||| DROPPING scroll of poison.
   930 | D:2      | Reached XP level 3. HP: 19/21 MP: 4/4
  1019 | D:2      | Found a snail-covered altar of Cheibriados.
  1082 | D:2      | Noticed Jessica
  1084 | D:2      | Killed Jessica
  1088 | D:2      | You fall into a shaft and drop 1 floor!
  1128 | D:3      | Reached XP level 4. HP: 25/26 MP: 5/5
  1204 | D:3      | Noticed a scorpion
  1219 | D:3      | Killed a scorpion
  1220 | D:3      | Reached skill level 4 in Ranged Weapons
  1220 | D:3      | Reached XP level 5. HP: 15/30 MP: 6/6
  1299 | D:3      | Noticed Robin
  1300 | D:3      | 1300 ||| Stepping ~*~*~tactically~*~*~ (outnumbered).
  1308 | D:3      | Noticed Natasha
  1313 | D:3      | HP: 7/30 [goblin/+0 club[Robin] (1)]
  1313 | D:3      | HP: 3/30 [goblin/+0 club[Robin] (2)]
  1314 | D:3      | Slain by a goblin

Levels and vault maps discovered:
D:1:      dpeg_arrival_radiant, layout_loops_ring,
          nicolae_ecumenical_lake_church, corexii_hall_statues_i,
          serial_bayou_pond_d
D:2:      layout_loops_ring, basic_altar, uniq_jessica
D:3:      layout_basic, uniq_grinder, uniq_sigmund, uniq_natasha,
          uniq_crazy_yiuf_cottage, uniq_robin

Skill      XL: |  1  2  3  4 |
---------------+-------------+-----
Ranged Weapons | 3 4 |  4.7
Fighting       | 2 |  2.0
Armour         | |  0.6
Dodging        | |  1.5
Spellcasting   | |  1.0
Hexes          | |  2.6

Action                     |  1- 3 |  4- 6 || total
---------------------------+-------+-------++-------
   Fire: Sling             |    98 |    34 ||   132
    Use: Scroll            |     2 |       ||     2
         Potion            |     2 |       ||     2
 Armour: Robe              |     3 |       ||     3
         Ring mail         |    12 |    22 ||    34
  Dodge: Dodged            |    41 |    18 ||    59
  Block: Other             |     6 |    17 ||    23

Table legend:
 A = Non-vault XP
 B = Vault XP
 C = Vault XP percentage of total XP
 D = Non-vault monster count
 E = Vault monster count
 F = Vault count percentage of total count
                 A         B        C        D         E       F
            +---------+---------+-------+---------+---------+-------
      Total |     137 |      47 |  25.5 |      33 |       6 |  15.4
            +---------+---------+-------+---------+---------+-------
        D:1 |      32 |       0 |   0.0 |      21 |       0 |   0.0
        D:2 |      12 |      37 |  75.5 |       7 |       1 |  12.5
        D:3 |      93 |      10 |   9.7 |       5 |       5 |  50.0
            +---------+---------+-------+---------+---------+-------
